 Dungeon Crawl Stone Soup version 0.20.1-1-g8b1a95d66d (webtiles) character file.

408 NullDivider the Sneak (level 6, 0/41 HPs)
             Began as an Octopode Artificer on Dec 1, 2017.
             Slain by a centaur (7 damage)
             ... on level 5 of the Dungeon.
             The game lasted 00:16:54 (3881 turns).

NullDivider the Sneak (Octopode Artificer)          Turns: 3881, Time: 00:16:55

Health: 0/41       AC:  2    Str: 12    XL:     6   Next: 88%
Magic:  9/9        EV: 14    Int: 13    God:
Gold:   298        SH:  0    Dex: 14    Spells: 5/5 levels left

rFire    x . .     SeeInvis .   p - +0 dagger
rCold    + . .     Gourm    .   (no shield)
rNeg     . . .     Faith    .   (helmet restricted)
rPois    .         Spirit   .   (no amulet)
rElec    .         Reflect  .   a - +1 ring of protection
rCorr    +         Harm     .   n - ring of ice
MR       .....                  h - ring of resist corrosion
Stlth    ++++......             (no ring)
Regen    0.2/turn               (no ring)
MPRegen  0.2/turn               (no ring)
                                (no ring)
                                (no ring)

@: no status effects
A: almost no armour, stealthy swim, amphibious, 8 rings, constrict 8, camouflage
1, gelatinous body 1
a: no special abilities


You were on level 5 of the Dungeon.
You were not hungry.

You visited 2 branches of the dungeon, and saw 6 of its levels.

You collected 298 gold pieces.

Inventory:

Hand Weapons
 p - a +0 dagger (weapon)
Jewellery
 a - a +1 ring of protection (left tentacle)
 h - a ring of resist corrosion (on tentacle)
 n - a ring of ice (right tentacle)
Wands
 b - a wand of flame (13/48)
 c - a wand of enslavement (15/24)
 d - a wand of random effects (15/48)
 u - a wand of clouds (0/9)
Scrolls
 e - 2 scrolls of immolation {unknown}
 g - 5 scrolls of remove curse
 i - 5 scrolls of identify
 j - 2 scrolls of fear {unknown}
 l - a scroll of enchant armour {unknown}
 o - 3 scrolls of recharging
 q - 3 scrolls of teleportation {unknown}
 r - a scroll of magic mapping {unknown}
 x - a scroll of noise {unknown}
Potions
 k - a potion of agility {unknown}
 t - a potion of curing {unknown}
 v - a potion of heal wounds {unknown}
 z - a potion of haste {unknown}
Books
 y - a book of Flames

   Spells                             Type                      Level
   a - Flame Tongue                   Conjuration/Fire             1
   b - Throw Flame                    Conjuration/Fire             2
   c - Conjure Flame                  Conjuration/Fire             3
   d - Inner Flame                    Hexes/Fire                   3
   e - Sticky Flame                   Conjuration/Fire             4
   f - Fireball                       Conjuration/Fire             5
Comestibles
 f - 4 bread rations
 m - 3 royal jellies
 s - a meat ration


   Skills:
 + Level 2.6 Fighting
 + Level 3.0 Short Blades
 + Level 3.2 Dodging
 * Level 5.5 Stealth
 + Level 4.6 Evocations


You had 5 spell levels left.
You didn't know any spells.

Dungeon Overview and Level Annotations

Branches:
Dungeon (5/15)             Temple (1/1) D:4

Altars:
Cheibriados
Elyvilon
Fedhas
Gozag
Hepliaklqana
Makhleb
Qazlal
Sif Muna
Trog
Uskayaw
Vehumet
Xom
Yredelemnul
Zin

Portals:
Sewer: D:5

Annotations:
D:5 tensugalgo's ghost, novice DsGl


Innate Abilities, Weirdness & Mutations

You cannot wear most types of armour.
You are very stealthy in the water. (Stealth+)
You are amphibious.
You can wear up to eight rings at the same time.
You can use your tentacles to constrict eight enemies at once.
Your skin changes colour to match your surroundings (Stealth+).
Your rubbery body absorbs attacks. (AC +1, EV +1)


Message History

You hit the centaur.
The centaur is severely wounded.
You constrict the orc. The centaur hits you! The orc closely misses you.
You hit the centaur but do no damage.
The centaur is severely wounded.
You constrict the orc. The centaur hits you. The orc completely misses you.
The centaur hits you!
* * * LOW HITPOINT WARNING * * *
You hit the centaur. Your squeeze misses the centaur.
The centaur is severely wounded.
You constrict the orc.
You kill the orc!
The centaur barely misses you.
You completely miss the centaur.
The centaur is severely wounded.
The centaur misses you.
You hit the centaur but do no damage.
The centaur is severely wounded.
The centaur hits you!
You die...

.. #########
...##...$...#
...W........#
.##+##......#
.#≈s≈#......#
.#≈≈≈#......#
.#≈∩≈#......#
.#≈≈S#c@<..(#
.#≈≈S#.)#.###
.#####.##.#
....... ..#
##.#....###
#.....#
##?.#. #..##


You could see a centaur, tensugalgo's ghost, 2 adders and a giant cockroach.

Vanquished Creatures
  2 orc priests (D:3)
  2 orc wizards (D:4)
  A bullfrog skeleton (D:4)
  An iguana (D:4)
  2 worker ants (D:4)
  6 adders
  2 oozes
  An adder skeleton (D:4)
  2 worms
  2 dart slugs (D:1)
  4 leopard geckos
  14 orcs
  4 bats
  3 giant cockroaches
  10 goblins
  10 hobgoblins
  11 jackals
  7 kobolds
  4 quokkas (D:3)
  2 ball pythons
  8 frilled lizards
  7 rats
105 creatures vanquished.

Notes
Turn   | Place    | Note
-------+----------+-------------------------------------------
     0 | D:1      | NullDivider the Octopode Artificer began the quest for the Orb.
     0 | D:1      | Reached XP level 1. HP: 13/13 MP: 3/3
   116 | D:1      | Reached XP level 2. HP: 18/18 MP: 4/4
   150 | D:1      | Reached skill level 2 in Stealth
   273 | D:1      | Reached XP level 3. HP: 18/23 MP: 5/5
   529 | D:1      | Found a snail-covered altar of Cheibriados.
   735 | D:1      | Reached skill level 3 in Stealth
  1236 | D:2      | Reached XP level 4. HP: 19/28 MP: 6/6
  1498 | D:2      | Found a blossoming altar of Fedhas.
  2182 | D:3      | Reached XP level 5. HP: 33/34 MP: 8/8
  2202 | D:3      | Found a bloodstained altar of Trog.
  2221 | D:3      | Reached skill level 4 in Stealth
  2728 | D:4      | Found a deep blue altar of Sif Muna.
  2801 | D:4      | Reached XP level 6. HP: 39/39 MP: 9/9
  2835 | D:4      | Found a white marble altar of Elyvilon.
  2848 | D:4      | Found a staircase to the Ecumenical Temple.
  2868 | Temple   | Entered the Ecumenical Temple
  3033 | D:4      | Found a stormy altar of Qazlal.
  3406 | D:4      | Reached skill level 5 in Stealth
  3862 | D:5      | Entered Level 5 of the Dungeon
  3862 | D:5      | Found a glowing drain.
  3877 | D:5      | Noticed tensugalgo's ghost (novice DsGl)
  3881 | D:5      | Slain by a centaur

Skill      XL: |  1  2  3  4  5  6 |
---------------+-------------------+-----
Stealth        | 2 3 4 5 |  5.5
Short Blades   | 2 3 |  3.0
Evocations     | 4 |  4.6
Fighting       | 2 |  2.6
Dodging        | 3 |  3.2

Action                   |  1- 3 |  4- 6 || total
-------------------------+-------+-------++-------
Melee: Short sword       |    55 |       ||    55
       Constrict         |    27 |    44 ||    71
       Tentacles         |    13 |    30 ||    43
       Dagger            |    39 |   157 ||   196
Evoke: Wand              |       |     4 ||     4
  Use: Scroll            |     1 |     1 ||     2
 Stab: Sleeping          |     7 |     8 ||    15
  Eat: Chunk             |     1 |     8 ||     9
Armor: Skin              |     5 |    10 ||    15
Dodge: Dodged            |    39 |    99 ||   138
